 Dungeon Crawl Stone Soup version 0.30-a0-1018-g25214051b3 (webtiles) character file.

Game seed: 13277104273119591955

180 Danienth the Grave Robber (level 5, -13/35 HPs)
             Began as a Demonspawn Necromancer on Apr 7, 2023.
             Was a Follower of Trog.
             Killed from afar by Sigmund (26 damage)
             ... with a bolt of dispelling energy
             ... on level 4 of the Dungeon.
             The game lasted 00:42:00 (3894 turns).

Danienth the Grave Robber (Demonspawn Necromancer)  Turns: 3894, Time: 00:42:03

Health: -13/35     AC:  8    Str: 14    XL:     5   Next: 33%
Magic:  9/9        EV:  6    Int: 19    God:    Trog [*.....]
Gold:   240        SH: 10    Dex: 13    Spells: 9/10 levels left

rFire   + + .      SeeInvis .    h - +6 dagger (venom)
rCold   x . .      Faith    .    l - +0 tower shield
rNeg    . . .      Spirit   .    k - +0 fire dragon scales
rPois   .          Reflect  .    (no helmet)
rElec   .          Rampage  .    (no cloak)
rCorr   .                        (no gloves)
Will    .....                    (no boots) Stlth
                                 (no amulet)
HPRegen 0.25/turn                o - +6 ring of strength
MPRegen 0.11/turn                (no ring)

@: silenced (expiring)
A: powered by death 1, sturdy frame 2
a: Renounce Religion


You were on level 4 of the Dungeon.
You worshipped Trog.
Trog was aware of your devotion.
You visited 1 branch of the dungeon, and saw 4 of its levels.

You collected 240 gold pieces.

Inventory:

Hand Weapons
 c - a +0 dagger
 g - a +0 whip of venom
 h - a +6 dagger of venom (weapon)
 q - a +0 short sword of protection
Armour
 a - a +1 robe
 k - +0 fire dragon scales (worn)
 l - a +0 tower shield (worn)
Jewellery
 o - a +6 ring of strength (left hand)
Scrolls
 b - a scroll of teleportation {unknown}
Potions
 d - a potion of flight {unknown}
 e - a potion of might {unknown}
 f - a potion of heal wounds
 i - a potion of brilliance {unknown}
 j - a potion of haste {unknown}
 m - a potion of magic
 p - a potion of curing {unknown}


   Skills:
 + Level 0.1 Fighting
 * Level 1.6 Short Blades
 + Level 1.8 Dodging
 + Level 2.0 Stealth
 - Level 0.1 Unarmed Combat
 - Level 3.2 Spellcasting
 - Level 5.9 Necromancy


You had 9 spell levels left.
You knew the following spells:

 Your Spells              Type           Power      Damage    Failure   Level
a - Necrotise             Necr           100%       1d9       45%         1

Your spell library contained the following spells:

 Spells                   Type           Power      Damage    Failure   Level
 Vampiric Draining        Necr           25%        2d7       83%         3
 Beastly Appendage        Tmut           6%         N/A       99%         1
 Animate Dead             Necr           25%        N/A       99%         4
 Wereblood                Tmut           3%         N/A       100%        2
 Spider Form              Tmut/Pois      3%         N/A       100%        3
 Agony                    Necr           25%        N/A       100%        5


Dungeon Overview and Level Annotations

Branches:
Dungeon (4/15)
 Temple: D:4-7

Altars:
Cheibriados
Trog
Wu Jian

Shops:
D:2 *   D:3 (

Annotations:
D:4 Sigmund


Innate Abilities, Weirdness & Mutations

You regenerate a little health from kills.
Your movements are less encumbered by armour. (ER -4)


Message History

You closely miss the goblin.
The goblin hits you but does no damage. x2
You hit the goblin.
You kill the goblin!
Trog accepts your kill.
Sigmund the Dreaded comes into view.
He is wielding a +0 scythe and carrying a wand of quicksilver (2).
An ogre comes into view. It is wielding a +0 giant club.
Found a glowing robe.
Found 6 stones.
The ogre shouts!
Sigmund shouts!
Sigmund points at you and mumbles some strange words.
You resist with some effort. Sigmund casts a spell at you.
You block the puff of flame.
Sigmund zaps a wand.
The bolt of dispelling energy hits you!
You feel much better.
Sigmund points at you and mumbles some strange words.
You block the puff of flame. The ogre hits you with a +0 giant club!
As you read the scroll of silence, it crumbles to dust.
A profound silence engulfs you. The ogre hits you with a +0 giant club.
You puncture the ogre!
The ogre is moderately wounded.
Sigmund hits you from afar with a +0 scythe.
You block the ogre's attack.
You hit the ogre.
The ogre is heavily wounded.
Sigmund hits you from afar with a +0 scythe.
The ogre hits you with a +0 giant club.
You hit the ogre.
The ogre is poisoned.
The ogre is heavily wounded.
Sigmund hits you from afar with a +0 scythe.
You block the ogre's attack.
You puncture the ogre!
You kill the ogre!
Trog accepts your kill.
Sigmund zaps a wand.
The bolt of dispelling energy hits you!!
Your magical effects are unravelling.
Ouch! That really hurt!
You die...

..........##..
#...[....#...
#...........
...........
..........###.#
#####. ....$........
<..... (.....@...#
#### ........)..#
...# ..#.......@####
...#
#.###..........#####
...##..#
#..>######.....#
......###....
#####.#
....##......# #.###
...###.##..# #...#
...###.#...# ###.#
..รท##....#.# #.##
.......#...# #..#


You could see Sigmund.

Vanquished Creatures
  An ogre (D:4)
  A jelly (D:3)
  4 gnolls (D:3)
  4 adders
  3 worms
  2 dart slugs (D:1)
  2 orcs (D:3)
  8 ball pythons
  3 endoplasms
  3 giant cockroaches
  6 goblins
  2 hobgoblins
  A quokka (D:3)
  6 bats
  10 frilled lizards
  9 kobolds
  2 rats
67 creatures vanquished.

Vanquished Creatures (collateral kills)
  A goblin (D:1)
  2 frilled lizards (D:2)
3 creatures vanquished.

Grand Total: 70 creatures vanquished

Notes
Turn   | Place    | Note
-------+----------+-------------------------------------------
     0 | D:1      | Danienth the Demonspawn Necromancer began the quest for the
                  | Orb.
     0 | D:1      | Reached XP level 1. HP: 13/13 MP: 3/3
   302 | D:1      | Gained mutation: Your movements are slightly less
                  | encumbered by armour. (ER -2) [demonic ancestry]
   302 | D:1      | Reached XP level 2. HP: 12/19 MP: 0/5
  1230 | D:2      | Gained mutation: Your movements are less encumbered by
                  | armour. (ER -4) [demonic ancestry]
  1230 | D:2      | Reached XP level 3. HP: 24/24 MP: 1/6
  1234 | D:2      | Reached skill level 1 in Short Blades
  1750 | D:2      | Found Hugoire's Assorted Antiques.
  1782 | D:2      | Reached skill level 5 in Necromancy
  2537 | D:3      | Gained mutation: You regenerate a little health from kills.
                  | [demonic ancestry]
  2537 | D:3      | Reached XP level 4. HP: 29/30 MP: 1/8
  3136 | D:3      | Found Hapt's Weapon Emporium.
  3169 | D:3      | Reached XP level 5. HP: 28/35 MP: 6/9
  3247 | D:3      | Found an ornate altar of the Wu Jian Council.
  3249 | D:3      | Found a snail-covered altar of Cheibriados.
  3309 | D:3      | Found a faded altar of an unknown god.
  3484 | D:3      | Prayed at the altar of an unknown god.
  3484 | D:3      | Became a worshipper of Trog the Wrathful
  3484 | D:3      | Reached * piety under Trog
  3881 | D:4      | Noticed Sigmund
  3882 | D:4      | Noticed an ogre
  3894 | D:4      | Killed an ogre
  3894 | D:4      | Killed from afar by Sigmund

Illustrated notes

Levels and vault maps discovered:
D:1:      minmay_arrival_radiant_lines, layout_basic, hangedman_decor_points
D:2:      minmay_wonky_spiral, layout_loops_cross, serial_shops,
          nicolae_lakefront_shop, minmay_lizard_pond
D:3:      layout_rooms, minitemple, serial_shops, nicolae_diamond_shop,
          shapermc_ecumenical_altar_mp_highgroup
D:4:      layout_rooms, uniq_sigmund

Skill      XL: |  1  2  3  4 |
---------------+-------------+-----
Short Blades   | 1 |  1.6
Necromancy     | 5 |  5.9
Spellcasting   | 3 |  3.2
Stealth        | 2 |  2.0
Fighting       | |  0.1
Dodging        | |  1.8
Unarmed Combat | |  0.1

Action                     |  1- 3 |  4- 6 || total
---------------------------+-------+-------++-------
  Melee: Unarmed           |     4 |       ||     4
         Dagger            |    18 |    28 ||    46
         Whip              |     8 |       ||     8
   Cast: Necrotise         |    79 |    29 ||   108
    Use: Scroll            |     5 |     7 ||    12
         Potion            |     1 |     1 ||     2
   Stab: Sleeping          |     4 |       ||     4
 Armour: Robe              |     6 |     4 ||    10
         Fire dragon scale |       |     4 ||     4
  Dodge: Dodged            |    24 |    14 ||    38
  Block: Tower shield      |       |     6 ||     6

Table legend: (Time is in decaauts)
 A = Elapsed time spent in this place.
 B = Non-inter-level travel time spent in this place.
 C = Inter-level travel time spent in this place.
 D = Time resting spent in this place.
 E = Time spent auto-exploring this place.
 F = Levels seen in this place.
 G = Mean time per level.
                   A        B        C        D        E       F      G
               +--------+--------+--------+--------+--------+-----+--------+
         Total |   3893 |   3453 |    440 |    681 |   2295 |   4 |  973.2 |
       Dungeon |   3893 |   3453 |    440 |    681 |   2295 |   4 |  973.2 |
               +--------+--------+--------+--------+--------+-----+--------+

Top non-repeatable levels by time:
     D:1: 1206 daAuts
     D:3: 1197 daAuts
     D:2: 1139 daAuts
     D:4: 350 daAuts
